 Dungeon Crawl Stone Soup version 0.31-a0-819-gf6de2f5ab6 (webtiles) character file.

Game seed: 5584213117129919248

1204 qw the Skirmisher (level 8, 0/49 HPs)
             Began as a Gargoyle Hunter on Sept 23, 2023.
             Was an Initiate of Okawaru.
             Killed from afar by Maggie (12 damage)
             ... with a bolt of fire
             ... on level 6 of the Dungeon.
             The game lasted 00:01:47 (4166 turns).

qw the Skirmisher (Gargoyle Hunter)                 Turns: 4166, Time: 00:01:48

Health: 0/49       AC: 12    Str: 13 (14) XL:     8   Next: 45%
Magic:  9/9        EV: 11    Int: 10 (11) God:    Okawaru [......]
Gold:   387        SH:  5    Dex: 13 (15) Spells: 7/7 levels left

rFire   . . .        Y - +2 shortbow
rCold   . . .        (shield currently unavailable)
rNeg    + + .        j - +0 ring mail
rPois   inf          (no helmet)
rElec   +            a - +0 cloak
rCorr   +            (no gloves)
SInv    .            (no boots)
Will    .....        d - amulet of reflection
Stlth   +            b - ring of resist corrosion
HPRegen 0.28/turn    k - ring of positive energy
MPRegen 0.11/turn

%: reflection
@: mesmerised
A: sickness immunity, AC +5, negative energy resistance 1, electricity
resistance, torment resistance 1, petrification resistance
a: Renounce Religion


You were on level 6 of the Dungeon.
You worshipped Okawaru.
Okawaru was noncommittal.
You visited 2 branches of the dungeon, and saw 7 of its levels.

You collected 387 gold pieces.


Innate Abilities, Weirdness & Mutations

You are immune to sickness and miasma.
Your stone body is resilient. (AC +5)
You are immune to poison.
You resist negative energy. (rN+)
You are resistant to electric shocks. (rElec)
You are resistant to unholy torment.
You are immune to petrification.


   Skills:
 - Level 5.3 Fighting
 + Level 8.9 Ranged Weapons
 - Level 2.7 Armour
 - Level 2.0 Dodging
 - Level 1.1 Stealth
 - Level 1.7 Invocations


You had 7 spell levels left.
You didn't know any spells.
Your spell library was empty.

Inventory:

Hand Weapons
 Y - a +2 shortbow (weapon)
Armour
 a - a +0 cloak (worn)
 j - a +0 ring mail (worn)
Jewellery
 b - a ring of resist corrosion (left hand)
 d - an amulet of reflection (around neck)
 k - a ring of positive energy (right hand)
Scrolls
 i - a scroll of identify
Potions
 c - a potion of haste
 g - 9 potions of curing
 h - a potion of magic {unknown}

Dungeon Overview and Level Annotations

Branches:
Dungeon (6/15)             Temple (1/1) D:5

Altars:
Elyvilon
Gozag
Kikubaaqudgha
Makhleb
Nemelex Xobeh
Okawaru
Ru
Sif Muna
Trog
Uskayaw
Yredelemnul
Zin
The Shining One

Annotations:
D:5 1 runed translucent door, Crazy Yiuf
D:6 Maggie


Message History

Maggie is moderately wounded.
Maggie barely misses you. Something hits you but does no damage.
You shoot an arrow. The arrow hits Maggie!
Maggie is heavily wounded.
Something hits you but does no damage.
Maggie hits you with a +0 scimitar of flaming.
Maggie burns you.
You shoot an arrow. The arrow closely misses Maggie.
Maggie points at you and mumbles some strange words.
The bolt of fire misses you. Something hits you. Something shocks you.
You resist.
You shoot an arrow. The arrow barely misses Maggie.
Maggie barely misses you. Something hits you but does no damage.
You shoot an arrow. The arrow hits Maggie!
Maggie is severely wounded.
Maggie closely misses you.
A sky beast appears from thin air!
Reactivating autopickup.
You block the sky beast's attack.
You shoot an arrow. The arrow hits Maggie.
Maggie is severely wounded.
Maggie hits you with a +0 scimitar of flaming.
Maggie burns you.
The sky beast hits you but does no damage.
You shoot an arrow. The arrow hits Maggie!
Maggie is almost dead.
Maggie hits you with a +0 scimitar of flaming.
Maggie burns you. The sky beast hits you. The sky beast shocks you. You resist.
You shoot an arrow. The arrow hits Maggie.
Maggie is almost dead.
Maggie hits you with a +0 scimitar of flaming.
Maggie burns you. The sky beast hits you. The sky beast shocks you. You resist.
Maggie closely misses you. You block the sky beast's attack.
You shoot an arrow. The arrow hits Maggie.
Maggie is almost dead.
The sky beast misses you. Maggie hits you but does no damage.
You shoot an arrow. The arrow barely misses Maggie.
The sky beast barely misses you. Maggie casts a spell at you.
The bolt of fire hits you!
You die...

. ####### #
..#.....## .#
......?..####.##
....)...........
.......<.......#
#.[........####
#...>..@...#
#.......@.##
##......Y##
#.........
..........#
...........
...........
...........
#..$........


You could see Maggie (mesmerising) and a sky beast.

Vanquished Creatures
  Eustachio (D:4)
  A sky beast (D:5)
  2 black bears (D:5)
  An ogre (D:4)
  4 phantoms
  A scorpion (D:2)
  A jelly (D:6)
  A hound (D:4)
  A sleepcap (D:4)
  An iguana (D:4)
  3 gnolls (D:4)
  9 adders
  2 ufetubi (D:5)
  3 worms
  11 orcs
  6 ball pythons
  6 bats
  7 endoplasms
  3 giant cockroaches
  6 goblins
  A hobgoblin (D:4)
  4 jackals (D:1)
  8 quokkas
  5 frilled lizards
  9 kobolds
  4 rats
101 creatures vanquished.

Notes
Turn   | Place    | Note
-------+----------+-------------------------------------------
     0 | D:1      | qw the Gargoyle Hunter began the quest for the Orb.
     0 | D:1      | Reached XP level 1. HP: 12/12 MP: 1/1
     0 | D:1      | 0 ||| qw: Version: 0.3-a-83-gcd0e7d8
     0 | D:1      | 0 ||| qw: Game counter: 1494
     0 | D:1      | 0 ||| qw: Melee chars always use a shield: true
     0 | D:1      | 0 ||| qw: God list: Okawaru
     0 | D:1      | 0 ||| qw: Allow faded altars: false
     0 | D:1      | 0 ||| qw: Do Orc after clearing Dungeon:15 true
     0 | D:1      | 0 ||| qw: Do second Lair branch before Depths: true
     0 | D:1      | 0 ||| qw: Lair rune preference: random
     0 | D:1      | 0 ||| qw: Goals: Normal
     0 | D:1      | 0 ||| PLANNING D:1-11
   208 | D:1      | Reached XP level 2. HP: 17/17 MP: 2/2
   445 | D:1      | Reached XP level 3. HP: 21/21 MP: 3/3
   452 | D:1      | Found a faded altar of an unknown god.
   582 | D:1      | Reached skill level 5 in Ranged Weapons
   711 | D:1      | 711 ||| READING scroll labelled OHIYSO SOGYKLA.
   712 | D:1      | 712 ||| READING scroll labelled SEMMALUHAD.
   713 | D:1      | 713 ||| READING scroll labelled JEONI LADEKLI.
   714 | D:1      | 714 ||| READING 2 scrolls labelled ASOWICHOT SUOR.
   715 | D:1      | 715 ||| DRINKING 4 metallic silvery potions.
   716 | D:1      | 716 ||| DROPPING scroll of butterflies.
   792 | D:2      | Noticed a scorpion
   804 | D:2      | Killed a scorpion
   805 | D:2      | Reached XP level 4. HP: 11/29 MP: 4/4
  1277 | D:2      | 1277 ||| UPGRADING to +0 cloak.
  1282 | D:2      | 1282 ||| READING 2 scrolls labelled NUOHARHU GAORO.
  1283 | D:2      | 1283 ||| DRINKING 2 fizzy blue potions.
  1284 | D:2      | 1284 ||| READING 2 scrolls of identify.
  1284 | D:2      | 1284 ||| IDENTIFYING metallic coppery potion
  1285 | D:2      | 1285 ||| DROPPING scroll of revelation.
  1286 | D:2      | 1286 ||| DROPPING potion of lignification.
  1287 | D:2      | 1287 ||| DROPPING potion of brilliance.
  1327 | D:3      | Reached XP level 5. HP: 33/33 MP: 5/5
  1817 | D:3      | 1817 ||| UPGRADING to amulet of reflection.
  1822 | D:3      | 1822 ||| DROPPING amulet of the acrobat.
  1823 | D:3      | 1823 ||| UPGRADING to ring of resist corrosion.
  1824 | D:3      | 1824 ||| READING scroll labelled CICWUMN COTYJO.
  1825 | D:3      | 1825 ||| READING 2 scrolls labelled VELEUH QUDAETT.
  1826 | D:3      | 1826 ||| DROPPING scroll of blinking.
  1867 | D:4      | 1867 ||| STAIRDANCE
  1958 | D:4      | Reached skill level 6 in Ranged Weapons
  1986 | D:4      | Found a burning altar of Makhleb.
  1989 | D:4      | Found a bloodstained altar of Trog.
  2003 | D:4      | Noticed a phantom
  2015 | D:4      | 2015 ||| Stepping ~*~*~tactically~*~*~ (retreating).
  2016 | D:4      | 2016 ||| Stepping ~*~*~tactically~*~*~ (retreating).
  2017 | D:4      | 2017 ||| Stepping ~*~*~tactically~*~*~ (retreating).
  2018 | D:4      | 2018 ||| Stepping ~*~*~tactically~*~*~ (retreating).
  2021 | D:4      | Killed a phantom
  2022 | D:4      | Reached XP level 6. HP: 29/38 MP: 6/6
  2226 | D:4      | 2226 ||| READING scroll of enchant weapon.
  2226 | D:4      | 2226 ||| ENCHANTING +1 shortbow.
  2465 | D:4      | Noticed Eustachio
  2490 | D:4      | Killed Eustachio
  2491 | D:4      | Reached skill level 7 in Ranged Weapons
  2491 | D:4      | Reached XP level 7. HP: 43/43 MP: 7/7
  3181 | D:4      | 3181 ||| UPGRADING to +0 ring mail.
  3191 | D:4      | 3191 ||| DROPPING +0 leather armour.
  3192 | D:4      | 3192 ||| DRINKING 2 murky golden potions.
  3193 | D:4      | 3193 ||| DROPPING potion of attraction.
  3228 | D:5      | Entered Level 5 of the Dungeon
  3273 | D:5      | Found a staircase to the Ecumenical Temple.
  3274 | D:5      | 3274 ||| PLANNING TEMPLE
  3284 | Temple   | Entered the Ecumenical Temple
  3285 | Temple   | 3285 ||| PLANNING OKAWARU WORSHIP
  3297 | Temple   | Became a worshipper of Warmaster Okawaru
  3298 | Temple   | 3298 ||| PLANNING D:1-11
  3424 | D:5      | Found a runed translucent door.
  3425 | D:5      | Noticed Crazy Yiuf
  3448 | D:5      | Reached skill level 8 in Ranged Weapons
  3460 | D:5      | Reached XP level 8. HP: 40/48 MP: 8/8
  3643 | D:5      | Reached * piety under Okawaru
  3946 | D:5      | 3946 ||| INVOKING Heroism.
  3956 | D:5      | Reached skill level 1 in Invocations
  4047 | D:5      | 4047 ||| UPGRADING to ring of positive energy.
  4048 | D:5      | 4048 ||| READING scroll labelled BOCVIE HISECZU.
  4049 | D:5      | 4049 ||| READING scroll labelled ZYUCZA MOULL.
  4100 | D:5      | 4100 ||| DRINKING 2 orange potions.
  4101 | D:5      | 4101 ||| READING 2 scrolls of identify.
  4101 | D:5      | 4101 ||| IDENTIFYING fizzy dark potion
  4102 | D:5      | 4102 ||| DROPPING potion of degeneration.
  4138 | D:6      | Noticed Maggie
  4139 | D:6      | 4139 ||| INVOKING Heroism.
  4164 | D:6      | HP: 12/49 [sky beast (1)]
  4166 | D:6      | Killed from afar by Maggie

Levels and vault maps discovered:
D:1:      zaba_arrival_water, layout_loops_ring, ebering_ecumenical_altar_rust
D:2:      layout_rooms
D:3:      layout_basic
D:4:      layout_layer_cave, nicolae_overflow_squiral,
          kennysheep_generic_room_4, uniq_eustachio
D:5:      layout_loops_cross, minmay_temple_entry_mist,
          kennysheep_generic_room_5, uniq_crazy_yiuf_cottage
D:6:      layout_rooms, mainiacjoe_overflow_alcove_4, uniq_jeremiah,
          uniq_grinder, uniq_maggie
Temple:   nicolae_temple_ecumenical_triangle

Skill      XL: |  1  2  3  4  5  6  7  8 |
---------------+-------------------------+-----
Ranged Weapons | 5 6 7 8 |  8.9
Fighting       | 4 5 |  5.3
Armour         | 2 |  2.7
Dodging        | 2 |  2.0
Invocations    | 1 |  1.7
Stealth        | |  1.1

Action                     |  1- 3 |  4- 6 |  7- 9 || total
---------------------------+-------+-------+-------++-------
   Fire: Shortbow          |   104 |   151 |   166 ||   421
 Invoke: Heroism           |       |       |     2 ||     2
    Use: Scroll            |     4 |     5 |     3 ||    12
         Potion            |     1 |     1 |     2 ||     4
 Armour: Leather armour    |    37 |    31 |     4 ||    72
         Ring mail         |       |       |    53 ||    53
  Dodge: Dodged            |    49 |    34 |    25 ||   108
  Block: Other             |       |     4 |    15 ||    19

Table legend:
 A = Non-vault XP
 B = Vault XP
 C = Vault XP percentage of total XP
 D = Non-vault monster count
 E = Vault monster count
 F = Vault count percentage of total count
                 A         B        C        D         E       F
            +---------+---------+-------+---------+---------+-------
      Total |    1513 |     208 |  12.1 |      98 |       3 |   3.0
            +---------+---------+-------+---------+---------+-------
        D:1 |      40 |       0 |   0.0 |      24 |       0 |   0.0
        D:2 |     122 |       0 |   0.0 |      16 |       0 |   0.0
        D:3 |      35 |       0 |   0.0 |      14 |       0 |   0.0
        D:4 |     462 |     205 |  30.7 |      25 |       2 |   7.4
        D:5 |     806 |       3 |   0.4 |      17 |       1 |   5.6
        D:6 |      48 |       0 |   0.0 |       2 |       0 |   0.0
            +---------+---------+-------+---------+---------+-------
